 Dungeon Crawl Stone Soup version 0.21.0-25-ge575cb9 (webtiles) character file.

25 doot the Grasshopper (level 2, 0/24 HPs)
             Began as a Centaur Warper on Jan 26, 2018.
             Slain by a worm (9 damage)
             ... on level 2 of the Dungeon.
             The game lasted 00:01:14 (1015 turns).

doot the Grasshopper (Centaur Warper)               Turns: 1015, Time: 00:01:16

Health: 0/24       AC:  4    Str: 13    XL:     2   Next: 86%
Magic:  4/4        EV:  9    Int: 12    God:
Gold:   33         SH:  0    Dex:  8    Spells: 4/4 levels left

rFire    . . .     SeeInvis .   a - +0 mace
rCold    . . .     Gourm    .   (no shield)
rNeg     . . .     Faith    .   b - +0 leather armour
rPois    .         Spirit   .   (no helmet)
rElec    .         Reflect  .   (no cloak)
rCorr    .         Harm     .   (no gloves)
MR       .....                  (no barding)
Stlth    ..........             (no amulet)
HPRegen  0.08/turn              (no ring)
MPRegen  0.09/turn              (no ring)

@: very quick
A: large, hooves 3, deformed body, speed 2, tough skin 3
a: no special abilities


You were on level 2 of the Dungeon.
You were not hungry.

You visited 1 branch of the dungeon, and saw 2 of its levels.

You collected 33 gold pieces.

Inventory:

Hand Weapons
 a - a +0 mace (weapon)
Missiles
 e - 5 tomahawks of dispersal (quivered)
 o - 5 tomahawks
Armour
 b - a +0 leather armour (worn)
Jewellery
 h - a cursed ring of loudness {unknown}
Scrolls
 d - a scroll of blinking
 g - a scroll of enchant armour {unknown}
 j - 4 scrolls of identify {unknown}
 l - a scroll of amnesia {unknown}
 m - a scroll of remove curse {unknown}
 n - a scroll of enchant weapon {unknown}
Potions
 i - a potion of flight {unknown}
 k - a potion of invisibility {unknown}
 p - a potion of curing {unknown}
Books
 c - a book of Spatial Translocations

   Spells                             Type                      Level
   a - Blink                          Translocation                2
   b - Shroud of Golubria             Charms/Translocation         2
   c - Lesser Beckoning               Translocation                3
   d - Gell's Gravitas                Translocation                3
   e - Teleport Other                 Translocation                3
   f - Passage of Golubria            Translocation                4
Comestibles
 f - 2 rations


   Skills:
 + Level 2.0 Fighting
 + Level 2.4 Maces & Flails
 + Level 1.1 Throwing
 + Level 0.8 Armour
 + Level 1.8 Dodging
 + Level 0.1 Stealth
 + Level 1.7 Spellcasting
   Level 2.6 Translocations


You had 4 spell levels left.
You didn't know any spells.

Dungeon Overview and Level Annotations

Branches:
Dungeon (2/15)

Altars:
Ashenzari


Innate Abilities, Weirdness & Mutations

You have hooves in place of feet.
Armour fits poorly on your strangely shaped body.
You cover ground very quickly.
You have extremely tough skin. (AC +3)


Message History

You hit the hobgoblin.
You kill the hobgoblin!
The kobold hits you but does no damage.
You see here a hobgoblin corpse.
Items here: ) ††† a whip; a leopard gecko corpse; a kobold corpse; a bat corpse
Items here: ) ††† a whip; a leopard gecko corpse; a kobold corpse; a bat corpse The kobold hits you with a club.
You hit the kobold.
The kobold is severely wounded.
The kobold barely misses you.
You closely miss the kobold. Your kick misses the kobold.
The kobold is severely wounded.
The kobold hits you with a club.
You hit the kobold.
You kill the kobold!
You see here a club.
The worm bites you!
You die...

........... .. ## #
.......... .. .. #.
#........ .##.# #..
...... ....## #.#
##....# ..... #..#
#..#..# ..<
#..###.##..#######.#
#..†......w@.).)..#
######......#.######
#...........#...
#.......<..........
.....................
..............##.....
.............$# ...?.
..[....?$......#.....
...............#


You could see a worm.

Vanquished Creatures
  An ooze (D:2)
  A dart slug (D:1)
  A leopard gecko (D:2)
  3 bats
  A giant cockroach (D:1)
  2 hobgoblins
  A frilled lizard (D:2)
  A goblin (D:1)
  3 kobolds
  5 rats
19 creatures vanquished.

Notes
Turn   | Place    | Note
-------+----------+-------------------------------------------
     0 | D:1      | doot the Centaur Warper began the quest for the Orb.
     0 | D:1      | Reached XP level 1. HP: 17/17 MP: 3/3
   220 | D:1      | Reached XP level 2. HP: 15/24 MP: 4/4
   413 | D:1      | Found a shattered altar of Ashenzari.
  1015 | D:2      | Slain by a worm

Skill      XL: |  1 |
---------------+----+-----
Maces & Flails | 2 |  2.4
Fighting       | |  2.0
Throwing       | |  1.1
Armour         | |  0.8
Dodging        | |  1.8
Stealth        | |  0.1
Spellcasting   | |  1.7
Translocations | |  2.6

Action                   || total
-------------------------++-------
Melee: Mace              ||    79
       Kick              ||     6
Armor: Leather armour    ||    44
Dodge: Dodged            ||    51
